[Event "*** SCC Grand Prix: Titled Tuesday Blitz"]
[Site "Chess.com"]
[Date "2020.06.23"]
[Round "3"]
[White "ChessQueen"]
[Black "FairChess_on_YouTube"]
[Result "0-1"]
[WhiteElo "2702"]
[BlackElo "2987"]
[TimeControl "180+1"]
[EndTime "10:30:11 PDT"]
[Termination "FairChess_on_YouTube won on time"]

1. e4 c5 2. c3 Nf6 3. e5 Nd5 4. d4 cxd4 5. Nf3 e6 6. cxd4 b6 7. Nc3 Bb7 8. Bd3 Na6 9. O-O Nab4 10. Bb1 Nxc3 11. bxc3 Nd5 12. Bd2 Rc8 13. Qb3 Ba6 14. Re1 Bc4 15. Qd1 Be7 16. Be4 O-O 17. Qb1 h6 18.
Qc1 f5 19. exf6 Nxf6 20. Ne5 Nxe4 21. Rxe4 Rf5 22. Bxh6 Bf6 23. Be3 Bd5 24. Rg4 Qc7 25. h4 Qxc3 26. Qxc3 Rxc3 27. Nxd7 Bd8 28. Bh6 Rf7 29. Ne5 Rfc7 30. a4 Kh7 31. Bf4 Bf6 32. Ng6 Rc8 33. Be5 Rc1+ 34. Rxc1 Rxc1+ 35. Kh2 Rc2 36.
Kg3 Ra2 37. Nf4 Rxa4 38. Nxd5 exd5 39. Bxf6 gxf6 40. h5 a5 41. Rg6 Rxd4 42. Rxf6 Rb4 43. f4 a4 44. Kg4 a3 45. Kg5 Ra4 46. Rf7+ Kg8 47. Kg6 Ra6 48. f5 b5+ 49. f6 a2 50.
Rg7+ Kh8 51. Rc7 Rxf6+ 52. Kxf6 a1=Q+ 53. Kg6 Qb1+ 54. Kh6 Qf5 55. Rb7 Qf8+ 56. Kg6 Qg8+ 57. Kh6 Qf8+ 58. Kg6 Qe8+ 59. Kh6 Qe3+ 60. Kg6 Qe4+ 61.
Kh6 Qf4+ 62. Kg6 Qg4+ 63. Kh6 Qe6+ 64. Kg5 d4 65. h6 Qe5+ 0-1

[Event "*** SCC Grand Prix: Titled Tuesday Blitz"]
[Site "Chess.com"]
[Date "2020.06.23"]
[Round "3"]
[White "Ze-Pequeno"]
[Black "Piotrek1979"]
[Result "0-1"]
[WhiteElo "2157"]
[BlackElo "2349"]
[TimeControl "180+1"]
[EndTime "10:30:11 PDT"]
[Termination "Piotrek1979 won by resignation"]

1. e4 Nc6 2. Nc3 Nf6 3. Nf3 d6 4. d4 Bg4 5. Be2 e6 6. Be3 d5 7. e5 Nd7 8. a3 Be7 9. O-O O-O 10.
h3 Bf5 11. Qd2 Nb6 12. b3 a6 13. Nh2 f6 14. f4 fxe5 15. fxe5 Qd7 16. Nf3 Bg6 17.
Bg5 Bxg5 18. Nxg5 Qe7 19. Nf3 Rf7 20. a4 Raf8 21. Nh2 Qb4 22. Rxf7 Rxf7 23. Rd1 Bxc2 24. Qxc2 Nxd4 25. Qd3 Qxc3 26. Qxd4 Qxb3 27. Bg4 Re7 28.
Qc5 Nc8 29. a5 Qb5 30. Qa3 c5 31. Nf3 Na7 32. Ng5 Qc6 33. Qd3 g6 34. Rf1 Qe8 35.
Qf3 h6 36. Nxe6 h5 37. Ng5 hxg4 38. Qxg4 Nc6 39. e6 Nd4 40. Nf7 Rxe6 41. Nh6+ Kg7 42. Nf5+ Nxf5 43. Rxf5 Re1+ 44. Kh2 Qb8+ 45. g3 Qe8 46. Rf2 Qe6 47. Qf4 Qe7 48. Qd2 Re5 49. Qf4 d4 50. g4 Re2 51. Kg2 Rxf2+ 52. Kxf2 Qe6 53. g5 Qf5 54. Qxf5 gxf5 55. h4 c4 56. h5 c3 57. h6+ Kg6 58. Ke2 f4 59. Kd3 f3 60.
Kxd4 f2 61. h7 Kxh7 62. g6+ Kg7 63. Kxc3 f1=Q 0-1

[Event "*** SCC Grand Prix: Titled Tuesday Blitz"]
[Site "Chess.com"]
[Date "2020.06.23"]
[Round "3"]
[White "attack2mateU"]
[Black "Oleksandr_Bortnyk"]
[Result "1-0"]
[WhiteElo "2676"]
[BlackElo "2893"]
[TimeControl "180+1"]
[EndTime "10:30:12 PDT"]
[Termination "attack2mateU won on time"]

1. e4 e5 2. Nf3 Nc6 3. Bb5 Nge7 4. O-O a6 5. Ba4 Ng6 6. c3 Be7 7. d4 O-O 8. Be3 d6 9. Bxc6 bxc6 10. dxe5 dxe5 11. Qa4 Qd3 12. Rd1 Qb5 13. Qc2 Be6 14.
b3 c5 15. c4 Qc6 16. Nc3 Bg4 17. Nd5 Bxf3 18. gxf3 Bd6 19. Kh1 Kh8 20. Rg1 Qd7 21. Rg3 f5 22. exf5 Rxf5 23. Rag1 Raf8 24. Qe4 Qf7 25. Nc3 Be7 26. Rd1 Bh4 27. Rh3 Bg5 28.
Rg1 Bxe3 29. fxe3 Rxf3 30. Rxf3 Qxf3+ 31. Qxf3 Rxf3 32. Rd1 h6 33. Re1 Rf2 34. Re2 Rf1+ 35. Kg2 Rf5 36. Ne4 Nh4+ 37. Kg3 g5 38. Rf2 Kg7 39.
Nxc5 a5 40. Ne6+ Kf6 41. Nxc7 e4 42. Nd5+ Ke5 43. Nc3 Rf3+ 44. Rxf3 exf3 45. a3 g4 46. b4 Nf5+ 47. Kf2 axb4 48. axb4 h5 49. b5 Nd6 50. c5 Nb7 51. c6 Nd6 52. c7 Nc8 53.
Na4 Kd6 54. b6 Kc6 55. e4 h4 56. e5 Ne7 57. e6 Kb7 58. Ke3 Kc6 59. Kf2 Kb7 60. Nc3 Kxb6 61. Nd5+ Kc6 62. Nxe7+ Kxc7 63. Nf5 g3+ 64. Nxg3 hxg3+ 65. hxg3 Kd6 66. Kxf3 Kxe6 67. Kg4 Kf6 68. Kh5 Kf7 69. Kh6 Kf6 70. g4 Kf7 71.
g5 Kg8 72. Kg6 Kh8 73. Kf7 1-0

[Event "*** SCC Grand Prix: Titled Tuesday Blitz"]
[Site "Chess.com"]
[Date "2020.06.23"]
[Round "3"]
[White "Jumbo"]
[Black "ValeriyGrinev"]
[Result "1-0"]
[WhiteElo "2846"]
[BlackElo "2546"]
[TimeControl "180+1"]
[EndTime "10:30:12 PDT"]
[Termination "Jumbo won by resignation"]

1. e4 c5 2. Nf3 e6 3. d4 cxd4 4. Nxd4 a6 5. g3 d5 6. Bg2 dxe4 7. O-O Nf6 8. Nc3 Nbd7 9. Nxe4 Nxe4 10. Bxe4 Nf6 11. Bg2 Be7 12. c3 O-O 13. Qe2 Qc7 14.
Bf4 Bd6 15. Bxd6 Qxd6 16. Rfd1 Qc7 17. Nf3 Bd7 18. Ne5 Rfd8 19. h4 Bb5 20. c4 Be8 21. b4 a5 22. b5 Rac8 23. Rxd8 Rxd8 24. Qe3 Nd7 25. Nxd7 Bxd7 26. Rd1 b6 27. Qd4 Kf8 28. Qd6+ Qxd6 29. Rxd6 Ke7 30. Rxb6 Rc8 31. Bf1 e5 32. f3 Be6 33. Ra6 Bxc4 34. Bxc4 Rxc4 35. Rxa5 Rb4 36. a4 Kd6 37. Ra7 f5 38. h5 h6 39. Kf2 Kc5 40. Rc7+ Kb6 41. Rc6+ Kb7 42. Re6 Rxa4 43. Rxe5 f4 44. gxf4 Rxf4 45. Kg3 Rf7 46. Kg4 Kb6 47.
f4 Rd7 48. Kf3 Rd4 49. Kg4 Rd1 50. Kf5 Rg1 51. Rd5 Rg2 52. Ke6 g6 53. hxg6 Rxg6+ 54. Kf7 Rg4 55. f5 h5 56. f6 h4 57. Rh5 Kc7 58. Ke7 Re4+ 59. Kf8 Kd7 60. f7 Rg4 61. b6 Ke6 62. Rh6+ Kd7 63. b7 Rb4 64. Rxh4 Rxb7 65. Kg8 Rb4 66. f8=Q Rxh4 67. Qf7+ Kc8 68. Qe8+ Kc7 69.
Qe7+ 1-0

[Event "*** SCC Grand Prix: Titled Tuesday Blitz"]
[Site "Chess.com"]
[Date "2020.06.23"]
[Round "3"]
[White "Vuk2000"]
[Black "BilodeauA"]
[Result "0-1"]
[WhiteElo "2643"]
[BlackElo "2856"]
[TimeControl "180+1"]
[EndTime "10:30:14 PDT"]
[Termination "BilodeauA won by resignation"]

1. e4 e5 2. Nf3 Nc6 3. d4 exd4 4.
Nxd4 Bc5 5. Nxc6 bxc6 6. Bd3 Ne7 7. O-O d6 8. Nc3 O-O 9. Na4 Bd4 10. Bg5 h6 11. Bh4 Qe8 12. c3 Bb6 13. Nxb6 axb6 14.
Re1 Ng6 15. Bg3 Ba6 16. Bc2 Qe7 17. f4 Bc8 18. Qf3 Qf6 19. a3 Re8 20. Rad1 Ra5 21.
Qf2 Bg4 22. Rd3 Bc8 23. Rde3 h5 24. f5 Ne5 25. Bh4 Qh6 26. h3 f6 27. Bg3 Bd7 28.
Bf4 Qh7 29. Bb3+ Kh8 30. Rg3 Raa8 31. Bxe5 Rxe5 32. Bf7 Be8 33. Be6 Qh6 34. Rf3 g5 35. Rd3 Qg7 36. Qf3 Bf7 37. Rd4 Re8 38. Ra4 Qh7 39.
Bxf7 Qxf7 40. Ra7 d5 41. Ra4 b5 42. Rd4 c5 43. Rd2 dxe4 44. Qe2 c4 45. Rd4 Kg7 46. Red1 R8e7 47. a4 bxa4 48. Rxc4 e3 49. Rxa4 Rxf5 50. Rad4 Rf2 51. Qe1 Rxb2 52. R1d3 Qa2 53. Kh1 Rb1 54. Rd1 Rxd1 55. Rxd1 e2 56. Rc1 Qd5 57. Kg1 Qd3 58. Qf2 Qd1+ 59. Qe1 Qxc1 60. Qxc1 e1=Q+ 61. Qxe1 Rxe1+ 0-1

[Event "*** SCC Grand Prix: Titled Tuesday Blitz"]
[Site "Chess.com"]
[Date "2020.06.23"]
[Round "3"]
[White "GM_LOADING"]
[Black "Antipov_Mikhail_Al"]
[Result "0-1"]
[WhiteElo "2565"]
[BlackElo "2811"]
[TimeControl "180+1"]
[EndTime "10:30:15 PDT"]
[Termination "Antipov_Mikhail_Al won by resignation"]

1. e4 e5 2. Nf3 Nc6 3. Bc4 Nf6 4. d3 Bc5 5. O-O d6 6. c3 a6 7. a4 h6 8. Re1 Ba7 9. Nbd2 g5 10. Nf1 g4 11. N3d2 h5 12. Nb1 g3 13. Nxg3 Ng4 14.
Be3 Bxe3 15. fxe3 Qh4 16. Qf3 Qxh2+ 17. Kf1 Be6 18. Ke2 h4 19. Rh1 hxg3 20. Rxh2 gxh2 21. Nd2 Nxe3 22. Kxe3 h1=Q 23. Rxh1 Rxh1 24. Qf6 Kd7 25. Bxe6+ fxe6 26. Nf3 Rg8 27. Ng5 Nd8 28. Nf7 Rh7 29.
Nxd8 Rxd8 30. g4 Rg8 31. g5 Rhg7 32. d4 exd4+ 33. cxd4 a5 34. Kd3 b6 35. Kc4 d5+ 36.
exd5 exd5+ 37. Kxd5 Rxg5+ 38. Kc4 R8g7 39. b3 Kc8 40.
Qf8+ Kb7 41. Qf3+ c6 42. Qf6 R5g6 43. Qf4 Rd7 44. Qf5 Rgd6 45. Qe5 Rd5 46. Qe4 Kc7 47.
Qf4+ Kc8 48. Qe4 Kd8 49. Qh4+ Kc7 50. Qf4+ Kb7 51. Qe4 Rxd4+ 52. Qxd4 Rxd4+ 53. Kxd4 Kc7 54. Ke5 Kd7 55. Kd4 Kd6 56. Kc4 Ke5 57. b4 axb4 58. Kxb4 Kd4 59. Kb3 c5 60. Kc2 Kc4 0-1

[Event "*** SCC Grand Prix: Titled Tuesday Blitz"]
[Site "Chess.com"]
[Date "2020.06.23"]
[Round "3"]
[White "SARGISMV"]
[Black "MacDaddyMac"]
[Result "1-0"]
[WhiteElo "2444"]
[BlackElo "2254"]
[TimeControl "180+1"]
[EndTime "10:30:15 PDT"]
[Termination "SARGISMV won by resignation"]

1. d4 Nf6 2. c4 e6 3. Nc3 Bb4 4. Bd2 c5 5. dxc5 Nc6 6. Nf3 O-O 7. e3 Bxc5 8. Be2 b6 9. O-O Bb7 10. a3 a5 11. Qb3 d6 12. Rfd1 Qe7 13. Na4 d5 14.
Nxb6 Bxb6 15. Qxb6 Rfb8 16. Qb3 Ba6 17. Qa2 a4 18. Rac1 Rb3 19. Bc3 Ne4 20. Bd4 Rab8 21. cxd5 Bxe2 22. dxc6 Bxd1 23. Rxd1 Rc8 24. Rc1 Qd6 25.
Ne5 f6 26. Nf3 Rxc6 27. Rd1 Rc2 28. Qb1 Qc6 29. Ne1 Rd2 30. Rc1 Qb7 31. f3 Nf2 32. Rc2 Rd1 33. Rc1 Rd2 34. Rc2 Rd1 35. Rc1 Rxc1 36. Qxc1 Nh3+ 37. gxh3 Kf7 38. Qc5 Kg6 39. Qc2+ Kf7 40. Kf2 g6 41. Qe4 Qxe4 42. fxe4 e5 43. Bc3 Rb5 44. Nd3 Ke6 45. Nb4 Rc5 46. Kf3 Rc4 47.
Nd3 Rc6 48. h4 h5 49. h3 Rb6 50. Ke2 Rb5 51. Ne1 f5 52. exf5+ Kxf5 53. Kf3 e4+ 54. Kg3 Rd5 55. Bd4 Rb5 56. Ng2 Rb3 57. Nf4 Rd3 58. Nxd3 exd3 59. Bc3 Ke4 60. Kf2 Kf5 61.
Kf3 g5 62. e4+ Kg6 63. hxg5 Kxg5 64. Be1 d2 65. Bxd2+ Kh4 66. e5 Kxh3 67. e6 Kh2 68. e7 h4 69. e8=Q h3 70. Qe5+ Kh1 71. Qg3 1-0

[Event "*** SCC Grand Prix: Titled Tuesday Blitz"]
[Site "Chess.com"]
[Date "2020.06.23"]
[Round "3"]
[White "HouseOfDurin"]
[Black "dennisodessa"]
[Result "0-1"]
[WhiteElo "1909"]
[BlackElo "2249"]
[TimeControl "180+1"]
[EndTime "10:30:17 PDT"]
[Termination "dennisodessa won by checkmate"]

1. d4 Nf6 2. Bg5 c5 3. Bxf6 exf6 4. c3 Nc6 5. e3 Qb6 6. Qc2 d5 7. Nd2 g6 8. g3 Bf5 9. Qb3 Qxb3 10. axb3 cxd4 11.
exd4 Be4 12. f3 Bf5 13. Bg2 Rd8 14. Kf2 Be7 15. b4 a6 16. Nb3 O-O 17. Nc5 Bxc5 18. bxc5 Rfe8 19. Ne2 g5 20. Rhe1 Bd3 21.
f4 Be4 22. Bxe4 Rxe4 23. fxg5 fxg5 24. Ng1 f5 25. Nf3 h6 26. Nd2 Rxe1 27. Rxe1 Kf7 28. Nf3 Re8 29. Rxe8 Kxe8 30. h4 g4 31. Ne1 Kd7 32.
Nd3 Ne7 33. Ne5+ Kc7 34. Nf7 h5 35. Ne5 b6 36. cxb6+ Kxb6 37. Ke3 Kb5 38. Kf4 Ka4 39. Nf7 Kb3 40. Nd6 Kxb2 41. Nxf5 Nxf5 42. Kxf5 a5 43. Ke5 a4 44. Kxd5 a3 45. c4 a2 46. c5 a1=Q 47. c6 Qa8 48. Kd6 Qd8+ 49. Kc5 Kb3 50. d5 Ka4 51. d6 Qa5+ 52. Kd4 Kb4 53.
d7 Qc7 54. Kd5 Kb5 55. Ke6 Kxc6 56. Kf5 Qxd7+ 57. Kg6 Qd6+ 58. Kxh5 Qxg3 59. Kg5 Qh3 60. h5 g3 61. h6 g2 62. Kg6 g1=Q+ 63. Kh7 Qg5 64. Kh8 Qhxh6# 0-1

[Event "*** SCC Grand Prix: Titled Tuesday Blitz"]
[Site "Chess.com"]
[Date "2020.06.23"]
[Round "3"]
[White "Harsha_Bharathakoti"]
[Black "Willychess95"]
[Result "1-0"]
[WhiteElo "2811"]
[BlackElo "2562"]
[TimeControl "180+1"]
[EndTime "10:30:19 PDT"]
[Termination "Harsha_Bharathakoti won on time"]

1. d4 Nf6 2. c4 e6 3. Nf3 Bb4+ 4.
Nbd2 b6 5. a3 Bxd2+ 6. Qxd2 Bb7 7.
e3 d6 8. Be2 Nbd7 9. O-O O-O 10.
b4 Ne4 11. Qc2 f5 12. Bb2 Qe7 13. Ne1 Rac8 14. f3 Nef6 15. Nd3 e5 16. d5 g6 17. b5 a5 18. Rae1 Rce8 19. f4 Ne4 20. Bd1 Nec5 21. Nxc5 Nxc5 22. g3 Bc8 23. Bf3 Nd7 24. Bg2 e4 25.
Qc3 Qf6 26. Qd2 Qf7 27. h3 h5 28. Rf2 Nc5 29. Bf1 Qh7 30. Rg2 Kf7 31. Bd4 Nd7 32. Kf2 Ke7 33. Ke2 Nc5 34. Qc3 Bd7 35. Kd2 Kd8 36. Be2 Kc8 37. Reg1 Qf7 38. Kc2 Kb7 39. g4 fxg4 40. hxg4 h4 41. Rh2 g5 42. f5 Rg8 43.
Kd2 Bc8 44. Rf1 Nd7 45. Kc2 Ne5 46. Rg2 Rh8 47. Rh1 Rh7 48. Kb2 h3 49. Rgh2 Reh8 50.
Bxe5 dxe5 51. Qxe5 Rh4 52. Qxe4 Kb8 53. Qd4 R8h7 54. Kc3 Qe7 55. Kb2 Qd6 56. e4 Qg3 57. e5 a4 58. Bd1 Qf4 59. Qxf4 gxf4 60. e6 f3 61. Bxf3 1-0

[Event "*** SCC Grand Prix: Titled Tuesday Blitz"]
[Site "Chess.com"]
[Date "2020.06.23"]
[Round "3"]
[White "Dr_crypt"]
[Black "ExtremeLearner"]
[Result "0-1"]
[WhiteElo "2349"]
[BlackElo "2189"]
[TimeControl "180+1"]
[EndTime "10:30:22 PDT"]
[Termination "ExtremeLearner won by resignation"]

1. d4 Nf6 2. Nf3 g6 3. c4 Bg7 4. Nc3 d6 5. Bf4 O-O 6. e3 c6 7.
h3 Nbd7 8. Be2 a5 9. O-O Re8 10. a3 e5 11. dxe5 dxe5 12. Nxe5 Nxe5 13. Qxd8 Rxd8 14.
Bxe5 Be6 15. Rfd1 Nd7 16. Bxg7 Kxg7 17. Na4 Rab8 18. Rac1 b5 19. cxb5 cxb5 20. Nc3 b4 21. Nb5 bxa3 22. bxa3 Nf6 23. Rxd8 Rxd8 24. Rc7 Ne4 25. Nd4 Bd5 26. Ra7 Ra8 27. Rxa8 Bxa8 28.
Bf3 f5 29. g4 Kf6 30. Bxe4 fxe4 31. Kg2 Ke5 32. Kg3 Bd5 33. h4 a4 34. g5 Bb3 35.
Kg4 Bd1+ 36. Kg3 Kd5 37. Kf4 Bb3 38. Ne2 Bc2 39. Nd4 Bd3 40. f3 exf3 41. Kxf3 Kc4 42. Kf4 Kc3 43. Ne6 Kb2 44. Nc5 Bb5 45. e4 Kxa3 46. Ke5 Kb4 47. Nxa4 Bxa4 48. Kf6 Kc5 49. e5 Be8 50. Ke7 Bc6 51. e6 Kd5 52. Kf7 Ke5 53. e7 Kf5 54. Kg7 Kg4 55. Kxh7 Be8 56. Kg7 Kxh4 57.
Kf8 Ba4 58. Kf7 Kxg5 0-1

[Event "*** SCC Grand Prix: Titled Tuesday Blitz"]
[Site "Chess.com"]
[Date "2020.06.23"]
[Round "3"]
[White "Joshukid"]
[Black "manmanlai1"]
[Result "0-1"]
[WhiteElo "2603"]
[BlackElo "2421"]
[TimeControl "180+1"]
[EndTime "10:30:23 PDT"]
[Termination "manmanlai1 won by resignation"]

1. Nf3 d5 2. c4 e6 3. g3 Nf6 4. Bg2 Be7 5. O-O O-O 6. b3 b6 7. Bb2 Bb7 8. e3 dxc4 9. bxc4 c5 10. Nc3 Nc6 11. Qe2 Qc7 12. Rfd1 a6 13. a4 Rac8 14.
Nh4 Nb4 15. f4 Bxg2 16. Nxg2 Rfd8 17. d3 Rd7 18. Rd2 Rcd8 19. Rad1 Ne8 20. Ne4 Nd6 21. Qg4 Ne8 22. Qe2 Qc6 23. Bc3 a5 24. Ne1 Qxa4 25.
Nf3 f6 26. g4 Qc6 27. g5 Nd6 28. gxf6 Nxe4 29. dxe4 Rxd2 30. Rxd2 Rxd2 31. Qxd2 gxf6 32. Qg2+ Kf7 33. e5 Qd7 34. exf6 Qd1+ 35. Ne1 Bxf6 36.
Bd2 Nd3 37. Qb7+ Kg6 38. Qe4+ Kf7 39. Qxd3 Qg4+ 40. Kf1 Qh3+ 41. Ng2 Qxh2 42. Qe4 Qh1+ 43. Ke2 a4 44. Qb7+ Kg8 45. Qc8+ Kf7 46. Qd7+ Be7 47.
Qc6 a3 48. f5 exf5 49. Qd5+ Ke8 50. Qg8+ Kd7 51. Qd5+ Kc7 52. Qe5+ Bd6 53. Qg7+ Kc6 54. Nf4 Bxf4 55. exf4 Qe4+ 56. Be3 Qxc4+ 57. Kf2 a2 58. Qf6+ Kb5 59. Qb2+ Ka6 60. Qa3+ Kb7 61. Kg3 Qd5 62. Qb2 Qe6 63. Kf2 Kc6 64. Qa3 h5 65. Qa8+ Kb5 66.
Qa3 h4 67. Qd3+ Kc6 68. Qa3 h3 69. Qa8+ Kb5 70. Qe8+ Qxe8 0-1

[Event "*** SCC Grand Prix: Titled Tuesday Blitz"]
[Site "Chess.com"]
[Date "2020.06.23"]
[Round "3"]
[White "Richarzard69"]
[Black "Kapitan_Bayan"]
[Result "1-0"]
[WhiteElo "2282"]
[BlackElo "2452"]
[TimeControl "180+1"]
[EndTime "10:30:23 PDT"]
[Termination "Richarzard69 won by resignation"]

1. Nf3 Nf6 2. c4 e6 3. d4 d5 4.
g3 Be7 5. Bg2 O-O 6. O-O dxc4 7.
Qc2 b5 8. a4 b4 9. Qxc4 Ba6 10.
Qc2 Bb7 11. Rd1 Be4 12. Qb3 Bd5 13. Qd3 Nbd7 14. Nbd2 c5 15. e4 Bb7 16. e5 Nd5 17. Ne4 cxd4 18. Neg5 g6 19. Qxd4 Re8 20. Qh4 Nf8 21. Qh6 f6 22. exf6 Bxf6 23. Bf4 Qb6 24.
Be5 Bxe5 25. Nxe5 Qc7 26. f4 Qg7 27. Qh4 h6 28. Ngf7 Kh7 29. Rac1 Re7 30. Nd6 Rb8 31. Nxb7 Rbxb7 32. Bxd5 exd5 33. Rxd5 g5 34. Qg4 gxf4 35. Qf5+ Kh8 36. Rd8 Kg8 37. Ng6 Rf7 38. Rxf8+ Rxf8 39. Nxf8 Qxf8 40. Qd5+ Rf7 41. Rc6 Qg7 42. Rc8+ Kh7 43.
Qd8 fxg3 44. Qd3+ Qg6 45. Rh8+ Kg7 46. Rg8+ Kxg8 47. Qxg6+ Rg7 48. Qe6+ Kh8 49. hxg3 Rxg3+ 50. Kh2 Rg7 51. Qe8+ Kh7 52. Qe4+ Kh8 53. Qxb4 h5 54. Qd4 Kh7 55. b4 Kh6 56. Qf6+ Rg6 57. Qf4+ Kg7 58. Qd4+ Kh6 59. Qxa7 h4 60. Qe3+ Kh5 61. a5 Rg4 62. b5 Ra4 63. a6 Ra2+ 64. Kh3 Rb2 65. Qe8+ Kh6 66. Qf8+ Kg6 67. Qg8+ Kf5 68. Qf7+ Ke4 69. Qe7+ Kd3 70. Qd6+ Kc2 71. Qc5+ Kb1 72. Qf5+ Ka1 73. Qe5 Ka2 74. Qxb2+ Kxb2 75. a7 Kc3 76. a8=Q Kd4 77. b6 Kc5 78. b7 Kd6 79. b8=Q+ 1-0

[Event "*** SCC Grand Prix: Titled Tuesday Blitz"]
[Site "Chess.com"]
[Date "2020.06.23"]
[Round "3"]
[White "kintoho"]
[Black "antoszu"]
[Result "0-1"]
[WhiteElo "2362"]
[BlackElo "2552"]
[TimeControl "180+1"]
[EndTime "10:30:25 PDT"]
[Termination "antoszu won on time"]

1. e4 c5 2. Nf3 d6 3. Bc4 e6 4. d3 Nc6 5. c3 Nf6 6. Bb3 Be7 7. O-O O-O 8. Re1 d5 9. Nbd2 d4 10. cxd4 cxd4 11. Nf1 Na5 12. Bc2 b5 13. Bd2 Nc6 14. a3 a5 15. Ng3 b4 16. Ba4 Bd7 17. e5 Nd5 18. Bxc6 Bxc6 19. Nxd4 Bb7 20. Nf3 Nb6 21.
axb4 axb4 22. Rxa8 Qxa8 23. Ne4 Rd8 24. Qe2 Ba6 25. Qe3 Nd5 26. Qe2 Nc7 27. Nd6 Bxd6 28. exd6 Rxd6 29. Bf4 Rd7 30. Bxc7 Rxc7 31. Qe5 Rd7 32.
d4 Bb7 33. Qc5 Bxf3 34. gxf3 Rd5 35. Qxb4 Rg5+ 36. Kf1 h6 37. Qb3 Rf5 38. Re3 Qa1+ 39. Ke2 Qa6+ 40. Qd3 Rb5 41. Kf1 Qa1+ 42. Kg2 Qxb2 43.
Re2 Qb4 44. Rc2 g6 45. h4 Rd5 46. Rc4 Qd6 47. Qe3 Kg7 48. f4 Qe7 49. Kg3 Rh5 50. Kf3 Qxh4 51. Ke2 Rf5 52. Rc5 Qh5+ 53. Kd2 Rd5 54. Rxd5 Qxd5 55. Ke2 Qc4+ 56. Kf3 Qd5+ 57. Ke2 h5 58. Kf1 h4 59. Kg1 Qf5 60. Kh2 Qg4 61.
Qe5+ f6 62. Qc7+ Kh6 63. Qb8 g5 64. Qh8+ Kg6 65. Qg8+ Kf5 66. Qh7+ Kxf4 67. Qd3 Qf3 0-1

[Event "*** SCC Grand Prix: Titled Tuesday Blitz"]
[Site "Chess.com"]
[Date "2020.06.23"]
[Round "3"]
[White "JozefKneht"]
[Black "124chess"]
[Result "1/2-1/2"]
[WhiteElo "2444"]
[BlackElo "2714"]
[TimeControl "180+1"]
[EndTime "10:30:26 PDT"]
[Termination "Game drawn - insufficient material"]

1. e4 e6 2. d4 d5 3. Nc3 Bb4 4. e5 Ne7 5. a3 Bxc3+ 6. bxc3 b6 7.
Qg4 Ng6 8. h4 h5 9. Qd1 c5 10.
Bg5 Qc7 11. Bd3 cxd4 12. cxd4 Qc3+ 13. Kf1 Ba6 14. Bxa6 Nxa6 15. Ne2 Qc4 16. Rh3 O-O 17. Rc3 Qa4 18. Ng3 Rac8 19. Rxc8 Rxc8 20. Nxh5 Qxc2 21. Qxc2 Rxc2 22. Ng3 Nb8 23. h5 Nf8 24. Rc1 Rxc1+ 25.
Bxc1 Nc6 26. Ne2 Nd7 27. g4 b5 28. f4 Nb6 29. Kf2 a5 30. Ke3 b4 31. axb4 Nxb4 32. Nc3 Nc4+ 33. Ke2 Nb6 34. Nb5 a4 35. Ba3 Nc6 36.
Kd3 Nc4 37. Bc5 Kh7 38. g5 N6a5 39. Kc3 Ne3 40. Kb4 Nac4 41. Kxa4 Ng2 42. Nd6 Nxf4 43. h6 gxh6 44. gxh6 Kxh6 45. Nxf7+ Kg6 46. Nd6 Ne3 47. Kb5 Nf5 48. Kc6 Ne2 49. Nb5 Ne3 50. Kd7 Nf4 51.
Nc7 Kf5 52. Nb5 Nc2 53. Nd6+ Kg6 54. Nb5 Ne3 55. Ke7 Nf5+ 56. Kd7 Nh4 57. Ke7 Kg5 58. Kd7 Nhg6 59. Nc7 Kf5 60. Nb5 Ke4 61. Nc7 Kf5 62. Nb5 Nh4 63. Nc7 Nf3 64. Nb5 Ke4 65. Nc7 Ng5 66. Nb5 Kf5 67. Ke7 Ng6+ 68. Kd7 Ne4 69. Nd6+ Kf4 70. Nb5 Nxe5+ 71. dxe5 Nxc5+ 72. Kd6 Nd3 73. Kxe6 Nxe5 74. Kxd5 1/2-1/2

[Event "*** SCC Grand Prix: Titled Tuesday Blitz"]
[Site "Chess.com"]
[Date "2020.06.23"]
[Round "3"]
[White "seorobert1971"]
[Black "doctorcristian"]
[Result "1-0"]
[WhiteElo "2694"]
[BlackElo "2428"]
[TimeControl "180+1"]
[EndTime "10:30:28 PDT"]
[Termination "seorobert1971 won by checkmate"]

1. e4 e6 2. d4 d5 3. Nd2 Nf6 4. e5 Nfd7 5. Bd3 c5 6. c3 Nc6 7. Ne2 cxd4 8. cxd4 Nb4 9. Bb1 Nb6 10. a3 Nc6 11. b4 Bd7 12. O-O a6 13. Nf3 Be7 14. Qd2 h6 15. Qf4 g5 16. Qg3 Qc7 17. Qh3 O-O-O 18. Ng3 Kb8 19. Nh5 Na7 20. Bd2 Ba4 21. Rc1 Nc4 22. Bd3 b5 23. Qg3 Nc8 24. Be3 N8b6 25.
h4 Rdg8 26. hxg5 hxg5 27. Qg4 Qd8 28. Nf6 Bxf6 29. exf6 Qxf6 30. Bxg5 Kb7 31. Bxf6 Rxg4 32. Bxh8 Rg8 33. Be5 Nd7 34. Bg3 f6 35. Re1 Re8 36. Bg6 Re7 37. Nh4 Nf8 38. Bh5 Rh7 39. Bf3 Kc6 40.
Rac1 Kd7 41. Rc3 Rg7 42. Be2 Rh7 43. Nf3 Rg7 44. Rec1 Rh7 45. Bf1 Rg7 46. Nd2 Ng6 47. Nxc4 bxc4 48. Bxc4 dxc4 49. Rxc4 Ne7 50. Rc7+ Ke8 51.
Bd6 Bb5 52. Bxe7 Rxe7 53. Rxe7+ Kxe7 54. Rc5 Kd6 55. f3 f5 56. Kf2 Bd3 57. g4 Ke7 58. g5 Kf7 59. Kg3 Kg6 60. Kf4 Be2 61.
Rc6 Kf7 62. Ke5 Bxf3 63. Rxe6 Be4 64. Rf6+ Kg7 65. d5 Bd3 66. d6 Bb5 67. Rxf5 Kg6 68. Rf6+ Kxg5 69. Rf7 Kg6 70. d7 Kxf7 71. d8=Q Kg6 72.
Qd6+ Kf7 73. Kd4 Ke8 74. Kc5 Kf7 75. Kb6 Ke8 76. Qc7 Kf8 77. Kc5 Ke8 78. Kd6 Kf8 79. Ke6 Ke8 80. Qe7# 1-0

[Event "*** SCC Grand Prix: Titled Tuesday Blitz"]
[Site "Chess.com"]
[Date "2020.06.23"]
[Round "3"]
[White "volcanoexplorer"]
[Black "etesungam"]
[Result "0-1"]
[WhiteElo "2598"]
[BlackElo "2419"]
[TimeControl "180+1"]
[EndTime "10:30:28 PDT"]
[Termination "etesungam won by checkmate"]

1. e4 e5 2. Nf3 Nc6 3. Bc4 Be7 4. O-O d6 5. c3 Nf6 6. Re1 O-O 7. h3 Be6 8. Bb3 Bxb3 9. axb3 Nd7 10. d4 f5 11.
exf5 Rxf5 12. d5 Ncb8 13. c4 Nf8 14. Nc3 Nbd7 15. Qd3 Rf7 16. Ne4 h6 17. Bd2 a6 18.
b4 Nf6 19. c5 Nxe4 20. Rxe4 Nd7 21. Ree1 dxc5 22. Nxe5 Nxe5 23. Rxe5 cxb4 24. Rae1 Bd6 25. Re6 Qh4 26. R1e2 Raf8 27. Be3 Qh5 28. Rg6 Qf5 29. Qxf5 Rxf5 30. Bd4 R8f7 31. Re4 Rxd5 32. Reg4 Rg5 33. R4xg5 hxg5 34. Rxg5 Re7 35. g3 b6 36. h4 a5 37.
h5 c5 38. Be3 Be5 39. b3 Bf6 40. Rd5 a4 41. bxa4 b3 42. g4 b2 43. Rd1 Ra7 44.
g5 Bc3 45. g6 Rd7 46. Rxd7 b1=Q+ 47. Kh2 Bf6 48. h6 Qxg6 49. hxg7 Bxg7 50. Rd2 Qh5+ 51. Kg2 Qg4+ 52. Kf1 Qxa4 53. Rd8+ Kf7 54. Rb8 Qb5+ 55. Kg2 Qc6+ 56. Kg1 Be5 57. Rd8 Qg6+ 58. Kf1 Qb1+ 59. Kg2 Qe4+ 60. Kf1 c4 61. Rd7+ Ke6 62. Rd8 Qh1+ 63. Ke2 Qh5+ 64. Kd2 c3+ 65. Kc2 Qf5+ 66.
Kc1 Qf3 67. Re8+ Kd5 68. Rd8+ Kc4 69. Re8 Kb3 70. Rxe5 Qe2 71. f4 Qc2# 0-1

[Event "*** SCC Grand Prix: Titled Tuesday Blitz"]
[Site "Chess.com"]
[Date "2020.06.23"]
[Round "3"]
[White "Logman74"]
[Black "allvim"]
[Result "1/2-1/2"]
[WhiteElo "2477"]
[BlackElo "2218"]
[TimeControl "180+1"]
[EndTime "10:30:28 PDT"]
[Termination "Game drawn by stalemate"]

1. e4 c5 2. Nf3 d6 3. d4 cxd4 4. Nxd4 Nf6 5. Nc3 a6 6. f4 e6 7. Bd3 Be7 8. O-O Qc7 9. Kh1 Nc6 10. Nf3 O-O 11. Qe2 b5 12. e5 dxe5 13. fxe5 Nd5 14.
Nxd5 exd5 15. Bg5 Bg4 16. Bf4 Nd4 17. Qf2 Nxf3 18. gxf3 Be6 19. Rg1 Bc5 20. Be3 Bxe3 21. Qxe3 f5 22. f4 d4 23. Qxd4 Rad8 24. Qf2 Bd5+ 25. Rg2 Bxg2+ 26. Qxg2 Qd7 27. a4 bxa4 28.
Bxa6 Qd4 29. e6 Rf6 30. Re1 Re8 31. Qc6 Re7 32. Bd3 h6 33. Qc8+ Kh7 34. Qc6 Qxf4 35. Qd5 g6 36. Qd8 Qc7 37. Qxc7 Rxc7 38. e7 Rc8 39.
e8=Q Rxe8 40. Rxe8 Kg7 41. Re7+ Kf8 42. Ra7 f4 43. Bf1 g5 44. Kg1 Rd6 45. Rxa4 Rd2 46. Rb4 Rxc2 47. Rb7 g4 48. Rb4 f3 49. Rxg4 Rxb2 50.
Rf4+ Kg7 51. Rxf3 Ra2 52. Rg3+ Kh7 53. Rg2 Rxg2+ 54. Bxg2 Kg7 55. Kf2 Kh8 56. Kg3 Kg7 57. Kg4 Kh8 58. Kh5 Kg7 59. Be4 Kh8 60. Kg6 Kg8 61.
Bf5 Kh8 62. Bg4 Kg8 63. Bh5 Kh8 64. Kxh6 Kg8 65. Bg6 Kh8 66. h4 Kg8 67. h5 Kh8 68. Bf5 Kg8 69. Kg6 Kh8 70. Be4 Kg8 71. Kh6 Kh8 72. Bc6 Kg8 73. Be8 Kh8 74. Bf7 1/2-1/2